2942 views
Uploaded 2020-03-08 13:15:03
Game version 1.32.2
22:46 long 1on1on1on1 ladder game on (8)Sanctuary_LV
Saved by TALONSARIMBA
2942 views
Uploaded 2020-03-08 13:15:03
Game version 1.32.2
22:46 long 1on1on1on1 ladder game on (8)Sanctuary_LV

/ 0.3k
12 buildings @ 2.3k
/ 0.8k

| Wisp | 11 | 660 | / | 0 |
| Archer | 16 | 2080 | / | 160 |
| Huntress | 4 | 780 | / | 80 |
| Hippogryph | 4 | 640 | / | 80 |
| total: | 35 | 4160g | / | 320w |
| Altar of Elders | 1 | 180 | / | 50 |
| Ancient of War | 1 | 150 | / | 60 |
| Moon Well | 7 | 1260 | / | 280 |
| Hunter's Hall | 1 | 210 | / | 100 |
| Tree of Life | 1 | 340 | / | 185 |
| Ancient of Wind | 1 | 150 | / | 140 |
| Tree of Ages | 3 | 960 | / | 540 |
| total: | 12 | 2290g | / | 815w |
| 0:11 | Altar of Elders |
| 0:17 | Ancient of War |
| 0:18 | Wisp |
| 0:23 | Moon Well |
| 0:27 | Moon Well |
| 0:29 | Wisp |
| 0:29 | Wisp |
| 0:42 | Wisp |
| 0:42 | Wisp |
| 0:56 | Wisp |
| 1:14 | Wisp |
| 1:29 | Archer |
| 1:29 | Archer |
| 1:29 | Archer |
| 1:45 | Archer |
| 1:45 | Archer |
| 1:59 | Archer |
| 1:59 | Archer |
| 2:00 | Archer |
| 2:20 | Trueshot Aura |
| 2:28 | Moon Well |
| 2:40 | Hunter's Hall |
| 2:59 | Moon Well |
| 4:01 | Archer |
| 4:04 | Archer |
| 4:33 | Tree of Ages |
| 5:00 | Huntress |
| 5:00 | Huntress |
| 5:04 | Searing Arrows |
| 5:17 | Strength of the Moon |
| 5:17 | Improved Strength of the Moon |
| 6:04 | Huntress |
| 6:04 | Huntress |
| 6:08 | Archer |
| 6:08 | Archer |
| 6:08 | Archer |
| 6:40 | Strength of the Wild |
| 6:41 | Moon Armor |
| 7:28 | Ancient of Wind |
| 7:30 | Wisp |
| 7:30 | Wisp |
| 7:30 | Wisp |
| 7:30 | Wisp |
| 7:54 | Archer |
| 7:54 | Archer |
| 7:54 | Archer |
| 8:04 | Reinforced Hides |
| 8:33 | Hippogryph |
| 8:33 | Hippogryph |
| 8:33 | Hippogryph |
| 8:34 | Hippogryph |
| 9:18 | Moon Well |
| 9:20 | Moon Well |
| 9:22 | Moon Well |
| 10:01 | Tree of Life |
| 10:18 | Trueshot Aura |
| Right click | 423 |
| Select | 196 |
| Select group | 143 |
| Build/train/purchase | 64 |
| Misc. action | 16 |
| Use ability | 4 |
| Assign group | 2 |
| Remove unit | 2 |
55 units @ 7.8k
/ 0.7k
29 buildings @ 2.9k
/ 0.9k


| Scroll of Regeneration | 1 | 100 |
| total: | 1 | 100g |
| Peasant | 20 | 1500 | / | 0 |
| Footman | 12 | 1620 | / | 0 |
| Rifleman | 23 | 4715 | / | 690 |
| total: | 55 | 7835g | / | 690w |
| Scout Tower | 9 | 270 | / | 180 |
| Guard Tower | 6 | 420 | / | 300 |
| Altar of Kings | 2 | 360 | / | 100 |
| Barracks | 2 | 320 | / | 120 |
| Farm | 8 | 640 | / | 160 |
| Lumber Mill | 3 | 360 | / | 0 |
| Blacksmith | 2 | 280 | / | 120 |
| Arcane Vault | 2 | 260 | / | 60 |
| Town Hall | 1 | 385 | / | 205 |
| Keep | 1 | 320 | / | 210 |
| Castle | 1 | 360 | / | 210 |
| total: | 29 | 2875g | / | 945w |
| 0:04 | Peasant |
| 0:09 | Altar of Kings |
| 0:12 | Barracks |
| 0:21 | Farm |
| 0:23 | Peasant |
| 0:35 | Peasant |
| 0:45 | Peasant |
| 1:00 | Farm |
| 1:10 | Peasant |
| 1:30 | Footman |
| 1:43 | Lumber Mill |
| 1:55 | Footman |
| 2:13 | Farm |
| 2:23 | Footman |
| 2:34 | Thunder Clap |
| 2:39 | Peasant |
| 2:46 | Blacksmith |
| 2:50 | Farm |
| 3:00 | Footman |
| 3:16 | Footman |
| 3:31 | Farm |
| 3:34 | Improved Masonry |
| 3:40 | Footman |
| 3:50 | Footman |
| 4:01 | Iron Forged Swords |
| 4:10 | Arcane Vault |
| 4:28 | Storm Bolt |
| 4:38 | Farm |
| 4:40 | Rifleman |
| 4:44 | Black Gunpowder |
| 4:59 | Peasant |
| 5:12 | Rifleman |
| 5:18 | Farm |
| 6:12 | Rifleman |
| 6:13 | Keep |
| 6:31 | Thunder Clap |
| 6:38 | Footman |
| 7:16 | Footman |
| 7:18 | Iron Plating |
| 7:28 | Rifleman |
| 7:47 | Footman |
| 7:49 | Studded Leather Armor |
| 8:08 | Bash |
| 8:33 | Footman |
| 8:34 | Rifleman |
| 8:36 | Long Rifles |
| 8:39 | Steel Forged Swords |
| 9:04 | Scroll of Regeneration |
| 9:09 | Rifleman |
| 9:10 | Rifleman |
| 9:19 | Improved Lumber Harvesting |
| 9:34 | Rifleman |
| 10:12 | Refined Gunpowder |
| 10:16 | Holy Light |
| 11:17 | Devotion Aura |
| 11:25 | Rifleman |
| 11:25 | Rifleman |
| 11:28 | Steel Plating |
| 12:14 | Town Hall |
| 12:21 | Peasant |
| 12:21 | Peasant |
| 12:22 | Peasant |
| 12:26 | Thunder Clap |
| 13:05 | Devotion Aura |
| 13:26 | Footman |
| 13:26 | Rifleman |
| 14:26 | Rifleman |
| 14:26 | Rifleman |
| 14:26 | Rifleman |
| 14:30 | Castle |
| 14:36 | Avatar |
| 14:53 | Rifleman |
| 14:53 | Rifleman |
| 15:16 | Arcane Vault |
| 15:20 | Rifleman |
| 16:03 | Farm |
| 16:42 | Peasant |
| 16:42 | Peasant |
| 16:42 | Peasant |
| 16:43 | Peasant |
| 16:43 | Peasant |
| 16:43 | Peasant |
| 16:43 | Peasant |
| 16:45 | Scout Tower |
| 17:15 | Scout Tower |
| 17:18 | Lumber Mill |
| 17:23 | Blacksmith |
| 17:46 | Scout Tower |
| 18:19 | Lumber Mill |
| 18:23 | Scout Tower |
| 18:30 | Guard Tower |
| 18:51 | Altar of Kings |
| 18:57 | Guard Tower |
| 19:27 | Guard Tower |
| 19:56 | Barracks |
| 20:08 | Peasant |
| 20:33 | Peasant |
| 20:45 | Scout Tower |
| 20:56 | Scout Tower |
| 21:00 | Peasant |
| 21:01 | Rifleman |
| 21:02 | Rifleman |
| 21:03 | Rifleman |
| 21:03 | Rifleman |
| 21:05 | Rifleman |
| 21:06 | Rifleman |
| 21:17 | Guard Tower |
| 21:21 | Scout Tower |
| 21:23 | Guard Tower |
| 21:27 | Scout Tower |
| 21:39 | Scout Tower |
| 21:49 | Guard Tower |
| Right click | 390 |
| Select | 284 |
| Build/train/purchase | 96 |
| Misc. action | 29 |
| Chat | 14 |
| Use ability | 10 |
| Remove unit | 6 |
| Item give/drop | 4 |
32 units @ 5k
/ 0.6k
13 buildings @ 2.3k
/ 0.9k



| Healing Salve | 5 | 500 |
| Lesser Clarity Potion | 2 | 140 |
| Tiny Great Hall | 1 | 600 |
| Orb of Lightning | 1 | 375 |
| Potion of Healing | 1 | 150 |
| Scroll of Town Portal | 1 | 350 |
| Boots of Speed | 1 | 250 |
| Circlet of Nobility | 1 | 175 |
| Staff of Teleportation | 1 | 150 |
| total: | 14 | 2690g |
| Peon | 17 | 1275 | / | 0 |
| Grunt | 1 | 200 | / | 0 |
| Wind Rider | 9 | 2385 | / | 360 |
| Kodo Beast | 2 | 510 | / | 120 |
| Shaman | 2 | 260 | / | 40 |
| Goblin Shredder | 1 | 375 | / | 100 |
| total: | 32 | 5005g | / | 620w |
| Altar of Storms | 1 | 180 | / | 50 |
| Orc Burrow | 5 | 800 | / | 200 |
| Barracks | 1 | 180 | / | 50 |
| Voodoo Lounge | 1 | 130 | / | 30 |
| War Mill | 1 | 205 | / | 0 |
| Great Hall | 1 | 385 | / | 185 |
| Beastiary | 2 | 290 | / | 280 |
| Spirit Lodge | 1 | 150 | / | 150 |
| Stronghold | 1 | 315 | / | 190 |
| Fortress | 1 | 325 | / | 190 |
| total: | 13 | 2320g | / | 945w |
| 0:03 | Altar of Storms |
| 0:07 | Orc Burrow |
| 0:08 | Peon |
| 0:26 | Barracks |
| 0:31 | Peon |
| 0:46 | Peon |
| 1:06 | Peon |
| 1:21 | Peon |
| 1:28 | Voodoo Lounge |
| 1:31 | Peon |
| 1:34 | Grunt |
| 1:39 | Peon |
| 1:55 | Peon |
| 2:07 | War Mill |
| 2:13 | Wind Walk |
| 2:15 | Peon |
| 2:51 | Stronghold |
| 3:08 | Orc Burrow |
| 3:11 | Healing Salve |
| 3:44 | Critical Strike |
| 3:48 | Orc Burrow |
| 4:17 | Boots of Speed |
| 4:18 | Circlet of Nobility |
| 4:19 | Staff of Teleportation |
| 4:53 | Orc Burrow |
| 5:52 | Beastiary |
| 5:55 | Beastiary |
| 6:06 | Lesser Clarity Potion |
| 6:08 | Healing Salve |
| 6:27 | Fortress |
| 6:30 | Hex |
| 7:05 | Wind Rider |
| 7:11 | Critical Strike |
| 7:39 | Healing Salve |
| 7:47 | Wind Rider |
| 8:13 | Goblin Shredder |
| 8:18 | Healing Wave |
| 8:49 | Scroll of Town Portal |
| 9:58 | Reinforced Defenses |
| 10:07 | Tiny Great Hall |
| 10:33 | Envenomed Spears |
| 10:39 | Wind Walk |
| 10:55 | Hex |
| 11:03 | Peon |
| 11:04 | Peon |
| 11:04 | Peon |
| 11:04 | Peon |
| 11:18 | Healing Salve |
| 11:29 | Wind Rider |
| 11:40 | Steel Ranged Weapons |
| 12:20 | Wind Rider |
| 12:28 | War Stomp |
| 12:46 | Great Hall |
| 13:34 | Spirit Lodge |
| 13:36 | Thorium Ranged Weapons |
| 14:20 | Healing Wave |
| 14:24 | Healing Salve |
| 14:31 | Lesser Clarity Potion |
| 14:34 | Orb of Lightning |
| 14:38 | Potion of Healing |
| 14:42 | Wind Rider |
| 14:52 | Shaman Adept Training |
| 15:12 | Arcanite Ranged Weapons |
| 15:34 | Endurance Aura |
| 16:42 | War Stomp |
| 17:03 | Steel Armor |
| 17:09 | Shaman Master Training |
| 17:19 | Critical Strike |
| 17:24 | Kodo Beast |
| 17:44 | Shaman |
| 18:10 | Hex |
| 18:31 | Kodo Beast |
| 18:50 | Wind Rider |
| 19:05 | Bladestorm |
| 19:08 | Endurance Aura |
| 19:13 | Peon |
| 19:13 | Peon |
| 19:13 | Peon |
| 19:14 | Peon |
| 19:32 | Wind Rider |
| 19:59 | Wind Rider |
| 20:17 | Big Bad Voodoo |
| 20:20 | Wind Rider |
| 20:21 | Shaman |
| 20:27 | Orc Burrow |
| 20:48 | Thorium Armor |
| Right click | 1419 |
| Select | 790 |
| Select group | 666 |
| Misc. action | 223 |
| Build/train/purchase | 117 |
| Use ability | 68 |
| Chat | 60 |
| Item give/drop | 18 |
| Assign group | 17 |
| Esc | 5 |
43 units @ 6.5k
/ 0.8k
18 buildings @ 3.2k
/ 1.2k


| Potion of Healing | 2 | 300 |
| Potion of Mana | 2 | 400 |
| total: | 4 | 700g |
| Acolyte | 14 | 1050 | / | 0 |
| Ghoul | 14 | 1680 | / | 0 |
| Crypt Fiend | 12 | 2580 | / | 480 |
| Frost Wyrm | 3 | 1155 | / | 360 |
| total: | 43 | 6465g | / | 840w |
| Ziggurat | 4 | 600 | / | 200 |
| Crypt | 3 | 600 | / | 150 |
| Altar of Darkness | 1 | 180 | / | 50 |
| Graveyard | 1 | 215 | / | 0 |
| Necropolis | 4 | 900 | / | 0 |
| Tomb of Relics | 1 | 130 | / | 30 |
| Sacrificial Pit | 1 | 75 | / | 150 |
| Boneyard | 3 | 525 | / | 600 |
| Halls of the Dead | 1 | 320 | / | 210 |
| Black Citadel | 1 | 325 | / | 230 |
| total: | 18 | 3225g | / | 1180w |
| 0:05 | Acolyte |
| 0:05 | Acolyte |
| 0:08 | Ziggurat |
| 0:16 | Crypt |
| 0:35 | Altar of Darkness |
| 1:13 | Crypt |
| 1:20 | Crypt |
| 1:24 | Ghoul |
| 1:24 | Ghoul |
| 1:43 | Ghoul |
| 1:59 | Ghoul |
| 2:25 | Ghoul |
| 2:26 | Ghoul |
| 2:54 | Ziggurat |
| 2:58 | Ziggurat |
| 3:05 | Graveyard |
| 3:49 | Frost Nova |
| 4:39 | Halls of the Dead |
| 4:43 | Crypt Fiend |
| 4:43 | Crypt Fiend |
| 4:53 | Creature Attack |
| 5:18 | Creature Carapace |
| 5:33 | Ghoul |
| 6:13 | Dark Ritual |
| 6:49 | Necropolis |
| 7:01 | Acolyte |
| 7:01 | Acolyte |
| 7:01 | Acolyte |
| 7:01 | Acolyte |
| 7:01 | Acolyte |
| 7:58 | Ziggurat |
| 8:30 | Acolyte |
| 8:30 | Acolyte |
| 8:44 | Death Coil |
| 9:53 | Frost Nova |
| 10:08 | Necropolis |
| 10:19 | Burrow |
| 10:19 | Web |
| 10:22 | Improved Creature Attack |
| 10:22 | Improved Creature Carapace |
| 10:42 | Tomb of Relics |
| 11:07 | Crypt Fiend |
| 11:10 | Crypt Fiend |
| 12:47 | Death Pact |
| 13:21 | Acolyte |
| 13:21 | Acolyte |
| 13:22 | Acolyte |
| 13:22 | Acolyte |
| 13:23 | Acolyte |
| 13:28 | Crypt Fiend |
| 13:28 | Crypt Fiend |
| 13:29 | Crypt Fiend |
| 13:36 | Black Citadel |
| 14:27 | Potion of Healing |
| 14:27 | Potion of Mana |
| 14:41 | Dark Ritual |
| 15:10 | Crypt Fiend |
| 15:10 | Crypt Fiend |
| 15:10 | Crypt Fiend |
| 15:15 | Sacrificial Pit |
| 16:04 | Boneyard |
| 16:06 | Boneyard |
| 16:09 | Boneyard |
| 16:16 | Ghoul |
| 16:16 | Ghoul |
| 16:16 | Ghoul |
| 16:16 | Ghoul |
| 16:17 | Ghoul |
| 16:17 | Ghoul |
| 16:17 | Ghoul |
| 16:42 | Necropolis |
| 17:12 | Necropolis |
| 17:25 | Frost Wyrm |
| 18:27 | Frost Wyrm |
| 18:44 | Frost Nova |
| 19:09 | Frost Wyrm |
| 19:11 | Potion of Healing |
| 19:11 | Potion of Mana |
| 19:46 | Crypt Fiend |
| 19:47 | Crypt Fiend |
| Right click | 549 |
| Select | 219 |
| Chat | 88 |
| Build/train/purchase | 75 |
| Use ability | 37 |
| Misc. action | 9 |
| Remove unit | 4 |
| Esc | 1 |
โ